 Dungeon Crawl Stone Soup version 0.25-a0-1078-gea6e5d949a (webtiles) character file.

Game seed: 8707823636077119054, levelgen mode: deterministic

75 P0NYSLAYSTATION the Chopper (level 4, -11/41 HPs)
             Began as a Hill Orc Monk on May 13, 2020.
             Killed from afar by Ijyb (20 damage)
             ... with a bolt of acid
             ... on level 3 of the Dungeon on May 15, 2020.
             The game lasted 00:09:18 (1153 turns).

P0NYSLAYSTATION the Chopper (Hill Orc Monk)         Turns: 1153, Time: 00:09:18

Health: -11/41     AC:  2    Str: 14    XL:     4   Next: 31%
Magic:  4/4        EV: 13    Int: 10    God:
Gold:   43         SH:  0    Dex: 13    Spells: 3/3 levels left

rFire    . . .     SeeInvis .   a - +0 hand axe
rCold    . . .     Gourm    .   (no shield)
rNeg     . . .     Faith    .   b - +0 robe
rPois    .         Spirit   .   (no helmet)
rElec    .         Reflect  .   (no cloak)
rCorr    .         Harm     .   (no gloves)
MR       .....                  (no boots)
Stlth    ++........             (no amulet)
HPRegen  0.13/turn              (no ring)
MPRegen  0.09/turn              (no ring)

@: no status effects
A: no striking features
a: no special abilities


You were on level 3 of the Dungeon.
You were not hungry.

You visited 1 branch of the dungeon, and saw 4 of its levels.

You collected 43 gold pieces.

Inventory:

Hand Weapons
 a - a +0 hand axe (weapon)
Armour
 b - a +0 robe (worn)
Scrolls
 d - 2 scrolls of amnesia {unknown}
 e - a scroll of fear {unknown}
 i - a scroll of remove curse {unknown}
 k - a scroll of teleportation {unknown}
Potions
 f - a potion of degeneration {unknown}
 g - a potion of might
 j - a potion of heal wounds {unknown}
Comestibles
 c - 2 rations
 h - 2 chunks of flesh


   Skills:
 + Level 4.3 Fighting
 + Level 5.1 Axes
 + Level 2.9 Dodging
 + Level 2.0 Stealth


You had 3 spell levels left.
You didn't know any spells.
Your spell library was empty.

Dungeon Overview and Level Annotations

Branches:
Dungeon (4/15)
 Temple: D:4-7

Altars:
Sif Muna

Annotations:
D:3 Ijyb


Message History

A bat comes into view.
The helpless bat fails to defend itself.
You slash the bat!
You kill the bat!
A rat comes into view.
Found a scroll labeled ZYFEIR ZYGRA.
You slash the rat!
You kill the rat!
d - 2 scrolls labeled ZYFEIR ZYGRA (gained 1) Eating one of 3 chunks of flesh.
You eat one of the 3 chunks of flesh.
This raw flesh tastes terrible.
HP restored.
An adder comes into view.
Ijyb the Twisted Goblin comes into view.
She is wielding a +0 club and carrying a wand of acid (9).
Ijyb shouts!
Ijyb zaps a wand.
The bolt of acid misses you.
Ijyb zaps a wand.
The bolt of acid hits you!!
You are splashed with acid!
* * * LOW HITPOINT WARNING * * *
Ijyb zaps a wand.
The bolt of acid hits you!!
You die...

# #. ########
#.. #....@.#
... #.####.#
.S #.# #g#
#.###.######.#
#.#
#..........#.#
#.#
#####.####...#
#.# # #..##
#.# #..# #.#
#..#####.#


You could see Ijyb.

Vanquished Creatures
  2 adders (D:2)
  4 gnolls
  An ooze (D:1)
  A dart slug (D:2)
  A bat (D:3)
  A giant cockroach (D:3)
  2 goblins
  A hobgoblin (D:1)
  A kobold (D:2)
  2 rats (D:3)
16 creatures vanquished.

Notes
Turn   | Place    | Note
-------+----------+-------------------------------------------
     0 | D:1      | P0NYSLAYSTATION the Hill Orc Monk began the quest for the
                  | Orb.
     0 | D:1      | Reached XP level 1. HP: 19/19 MP: 1/1
   225 | D:2      | Reached XP level 2. HP: 19/27 MP: 2/2
   391 | D:2      | Reached XP level 3. HP: 15/33 MP: 3/3
   700 | D:4      | Upgraded the game from 0.25-a0-1036-g6f112fb28d to
                  | 0.25-a0-1078-gea6e5d949a
   727 | D:4      | Reached skill level 5 in Axes
   727 | D:4      | Reached XP level 4. HP: 4/40 MP: 4/4
  1008 | D:4      | Found a shimmering blue altar of Sif Muna.
  1148 | D:3      | Noticed Ijyb
  1153 | D:3      | Killed from afar by Ijyb

Illustrated notes

Levels and vault maps discovered:
D:1:      tarquinn_simple_flora_water_c, layout_loops_ring,
          minmay_rat_gold_closets
D:2:      layout_basic
D:3:      layout_loops_ring, kennysheep_okawaru_gauntlet,
          nicolae_overflow_hidden_temple, first_ration, uniq_ijyb
D:4:      layout_loops_corners, lemuel_blue_sif_altar

Skill      XL: |  1  2  3 |
---------------+----------+-----
Fighting       | 4 |  4.3
Stealth        | 2 |  2.0
Axes           | 5 |  5.1
Dodging        | |  2.9

Action                   |  1- 3 |  4- 6 || total
-------------------------+-------+-------++-------
Melee: Hand axe          |    72 |     6 ||    78
  Use: Potion            |     1 |       ||     1
 Stab: Sleeping          |     3 |     1 ||     4
  Eat: Chunk             |       |     1 ||     1
Armor: Robe              |     6 |       ||     6
Dodge: Dodged            |    37 |     2 ||    39

Table legend:
 A = Non-vault XP
 B = Vault XP
 C = Vault XP percentage of total XP
 D = Non-vault monster count
 E = Vault monster count
 F = Vault count percentage of total count
                 A         B        C        D         E       F
            +---------+---------+-------+---------+---------+-------
      Total |     108 |       0 |   0.0 |      16 |       0 |   0.0
            +---------+---------+-------+---------+---------+-------
        D:1 |       9 |       0 |   0.0 |       2 |       0 |   0.0
        D:2 |      35 |       0 |   0.0 |       5 |       0 |   0.0
        D:3 |      22 |       0 |   0.0 |       6 |       0 |   0.0
        D:4 |      42 |       0 |   0.0 |       3 |       0 |   0.0
            +---------+---------+-------+---------+---------+-------
